 Dungeon Crawl Stone Soup version 0.32-a0-306-gfed3edf829 (webtiles) character file.

Game seed: 11226557719977581570

175 Dittersdorf the Shield-Bearer (level 5, -19/34 HPs)
             Began as a Gargoyle Fighter on Feb 14, 2024.
             Demolished by an ogre
             ... wielding a +0 giant club
              (24 damage)
             ... on level 3 of the Dungeon.
             The game lasted 00:01:44 (2040 turns).

Dittersdorf the Shield-Bearer (Gargoyle Fighter)    Turns: 2040, Time: 00:01:44

Health: -19/34     AC: 15    Str: 21    XL:     5   Next: 55%
Magic:  5/5        EV:  8    Int:  9    God:
Gold:   193        SH:  4    Dex:  9    Spells: 4/4 levels left

rFire   . . .        a - +0 flail
rCold   . . .        c - +0 buckler
rNeg    + . .        o - +0 chain mail
rPois   ∞            p - +0 helmet
rElec   +            (no cloak)
rCorr   .            i - +0 pair of gloves
SInv    .            (no boots)
Will    .....        (no amulet) Stlth
                     (no ring)
HPRegen 0.25/turn    (no ring)
MPRegen 0.09/turn

%: no passive effects
@: no status effects
A: sickness immunity, AC +4, negative energy resistance 1, electricity
resistance, torment resistance 1, petrification resistance
a: no special abilities


You were on level 3 of the Dungeon.
You visited 1 branch of the dungeon, and saw 3 of its levels.

You collected 193 gold pieces.

Inventory:

Hand Weapons
 a - a +0 flail (weapon)
Armour
 c - a +0 buckler (worn)
 i - a +0 pair of gloves (worn)
 o - a +0 chain mail (worn)
 p - a +0 helmet (worn)
Magical Staves
 g - a staff of earth
Wands
 m - a wand of mindburst (23) (quivered)
Scrolls
 b - a scroll of revelation {unknown}
 e - 4 scrolls of identify {unknown}
 f - 2 scrolls of blinking {unknown}
 j - a scroll of teleportation {unknown}
 k - a scroll of poison {unknown}
 l - a scroll of enchant weapon {unknown}
 n - 4 scrolls of enchant armour {unknown}
Potions
 d - 2 potions of might
 h - 2 potions of invisibility {unknown}
 q - a potion of mutation {unknown}
 r - 3 potions of degeneration {unknown}
 s - 2 potions of haste {unknown}


   Skills:
 + Level 4.3 Fighting
 + Level 3.2 Maces & Flails
 + Level 4.3 Armour
 + Level 4.4 Shields


You had 4 spell levels left.
You didn't know any spells.
Your spell library was empty.

Dungeon Overview and Level Annotations

Branches:
Dungeon (3/15)

Altars:


Innate Abilities, Weirdness & Mutations

You are immune to sickness and miasma.
Your stone body is resilient. (AC +4)
You are immune to poison.
You resist negative energy. (rN+)
You are resistant to electric shocks. (rElec)
You are resistant to unholy torment.
You are immune to petrification.


Message History

No target in view!
No target in view!
No target in view!
No target in view!
No target in view!
No target in view!
No target in view!
You see here a +1 dagger of speed.
You see here an adder corpse.
Things that are here:
a rat corpse; a hobgoblin corpse An ogre comes into view.
It is wielding a +0 giant club.
An ogre is nearby!
The ogre shouts!
An endoplasm comes into view.
The endoplasm quivers.
You completely miss the ogre. The ogre hits you with a +0 giant club!
Ouch! That really hurt!
You are too injured to fight recklessly!
You are too injured to fight recklessly!
You are too injured to fight recklessly!
You are too injured to fight recklessly!
You are too injured to fight recklessly!
You are too injured to fight recklessly!
You are too injured to fight recklessly!
You are too injured to fight recklessly!
You are too injured to fight recklessly!
You are too injured to fight recklessly!
You are too injured to fight recklessly!
You are too injured to fight recklessly!
You are too injured to fight recklessly!
You are too injured to fight recklessly!
You are too injured to fight recklessly!
You barely miss the ogre. The ogre hits you with a +0 giant club!
* * * LOW HITPOINT WARNING * * *
You hit the ogre.
The ogre is moderately wounded.
The ogre hits you with a +0 giant club!!
Ouch! That really hurt!
You die...

########.# #. .. ..#
##.## #. . #.# #...# #<
#. #?# #...# #. #. #.#
#.(.# #. # #.. #.# #...#
#.
...#..##.######...#####.
#........#.............#
#.O@................
#..J####.............#
..... ######...######
##.# #...# # #...# #...#
#...# ####.####
###.....[.#


You could see an ogre and an endoplasm.

Vanquished Creatures
  An orc wizard (D:2)
  An adder (D:3)
  2 dart slugs
  3 ribbon worms
  3 orcs
  7 bats
  8 endoplasms
  3 giant cockroaches
  4 goblins
  4 hobgoblins
  12 jackals
  A kobold (D:1)
  2 quokkas
  9 ball pythons
  6 frilled lizards
  4 rats
70 creatures vanquished.

Notes
Turn   | Place    | Note
-------+----------+-------------------------------------------
     0 | D:1      | Dittersdorf the Gargoyle Fighter began the quest for the
                  | Orb.
     0 | D:1      | Reached XP level 1. HP: 14/14 MP: 1/1
    35 | D:1      | Reached XP level 2. HP: 18/19 MP: 2/2
   237 | D:1      | Reached XP level 3. HP: 22/23 MP: 3/3
   481 | D:1      | Reached XP level 4. HP: 29/29 MP: 4/4
  1398 | D:2      | Reached XP level 5. HP: 33/33 MP: 5/5
  2035 | D:3      | Noticed an ogre
  2040 | D:3      | Demolished by an ogre

Illustrated notes

Levels and vault maps discovered:
D:1:      wander_arrival_desolate, layout_rooms, roderic_roman_lattice
D:2:      layout_basic
D:3:      layout_loops_cross, mainiacjoe_overflow_six_doors_small, minmay_cupped

Skill      XL: |  1  2  3  4 |
---------------+-------------+-----
Shields        | 4 |  4.4
Armour         | 4 |  4.3
Fighting       | 4 |  4.3
Maces & Flails | 3 |  3.2

Action                     |  1- 3 |  4- 6 || total
---------------------------+-------+-------++-------
  Melee: Flail             |   100 |   118 ||   218
 Armour: Scale mail        |   108 |    24 ||   132
         Chain mail        |       |    65 ||    65
  Dodge: Dodged            |    73 |    48 ||   121
  Block: Buckler           |    35 |    24 ||    59

Table legend: (Time is in decaauts)
 A = Elapsed time spent in this place.
 B = Non-inter-level travel time spent in this place.
 C = Inter-level travel time spent in this place.
 D = Time resting spent in this place.
 E = Time spent auto-exploring this place.
 F = Levels seen in this place.
 G = Mean time per level.
                   A        B        C        D        E       F      G
               +--------+--------+--------+--------+--------+-----+--------+
         Total |   2105 |   2022 |     83 |      0 |   1542 |   3 |  701.7 |
       Dungeon |   2105 |   2022 |     83 |      0 |   1542 |   3 |  701.7 |
               +--------+--------+--------+--------+--------+-----+--------+

Top non-repeatable levels by time:
     D:2: 941 daAuts
     D:1: 702 daAuts
     D:3: 461 daAuts
